 Dungeon Crawl Stone Soup version 0.31-a0-532-g28f74ba3e5 (webtiles) character file.

Game seed: 14365701881401704789

84 arthad the Firebug (level 4, -4/25 HPs)
             Began as a Gargoyle Fire Elementalist on Aug 13, 2023.
             Slain by an orc priest
             ... wielding a +0 flail
              (6 damage)
             ... on level 3 of the Dungeon.
             The game lasted 00:06:53 (2165 turns).

arthad the Firebug (Gargoyle Fire Elementalist)     Turns: 2165, Time: 00:06:54

Health: -4/25      AC:  5    Str: 12    XL:     4   Next: 46%
Magic:  1/8        EV: 12    Int: 23    God:
Gold:   192        SH:  0    Dex: 10    Spells: 7/8 levels left

rFire   + . .        d - +2 short sword (speed)
rCold   . . .        (no shield)
rNeg    + . .        a - +0 robe
rPois   ∞            (no helmet)
rElec   +            (no cloak)
rCorr   .            (no gloves)
SInv    .            (no boots)
Will    .....        (no amulet)
Stlth   ++           h - ring of protection from fire
HPRegen 0.24/turn    n - +6 ring of intelligence
MPRegen 0.11/turn

%: no passive effects
@: very slightly contaminated
A: sickness immunity, AC +3, negative energy resistance 1, electricity
resistance, torment resistance 1, petrification resistance
a: no special abilities


You were on level 3 of the Dungeon.
You visited 1 branch of the dungeon, and saw 3 of its levels.

You collected 192 gold pieces.

Inventory:

Hand Weapons
 d - a +2 short sword of speed (weapon)
Missiles
 m - 5 poisoned darts
Armour
 a - a +0 robe (worn)
Jewellery
 h - a ring of protection from fire (left hand)
 n - a +6 ring of intelligence (right hand)
 p - an amulet of guardian spirit
Scrolls
 e - 4 scrolls of identify {unknown}
 g - a scroll of fog {unknown}
 i - a scroll of vulnerability {unknown}
 j - a scroll of enchant armour {unknown}
 l - a scroll of revelation {unknown}
Potions
 b - a potion of magic
 c - 2 potions of heal wounds {unknown}
 f - a potion of degeneration {unknown}
 k - 4 potions of curing {unknown}
 o - a potion of enlightenment {unknown}
 q - a potion of might {unknown}


   Skills:
 + Level 1.0 Fighting
 + Level 1.9 Dodging
 + Level 2.6 Stealth
 * Level 2.6 Spellcasting
 * Level 2.3 Conjurations
 * Level 3.5 Fire Magic


You had 7 spell levels left.
You knew the following spells:

 Your Spells              Type           Power      Damage    Failure   Level
a - Foxfire               Conj/Fire      64%        2x1d7     3%          1

Your spell library contained the following spells:

 Spells                   Type           Power      Damage    Failure   Level
 Scorch                   Fire           38%        2d6       4%          2
 Inner Flame              Hex/Fire       11%        N/A       17%         3
 Volatile Blastmotes      Fire/Tloc      22%        2d11      17%         3
 Wereblood                Tmut           3%         N/A       19%         2
 Flame Wave               Conj/Fire      16%        2d7       34%         4
 Irradiate                Conj/Tmut      4%         3d13      90%         5


Dungeon Overview and Level Annotations

Branches:
Dungeon (3/15)

Altars:
Gozag
Xom


Innate Abilities, Weirdness & Mutations

You are immune to sickness and miasma.
Your stone body is resilient. (AC +3)
You are immune to poison.
You resist negative energy. (rN+)
You are resistant to electric shocks. (rElec)
You are resistant to unholy torment.
You are immune to petrification.


Message History

The orc priest attacks as you move away!
The orc priest hits you but does no damage.
Casting: Foxfire (safe; 3% risk of failure)
Press: ? - help, Q - select action, (/) - cycle Dir - look around, f - activate You miscast Foxfire.
You are very lightly contaminated with residual magic.
Nothing appears to happen.
The orc priest looks encouraged for a moment.
Casting: Foxfire (safe; 3% risk of failure)
Press: ? - help, Q - select action, (/) - cycle Dir - look around, f - activate You conjure some foxfire!
Casting: Foxfire (safe; 3% risk of failure)
Confirm with . or Enter, or press ? or * to list all spells.
Okay, then.
Unknown command.
You hit the orc priest.
You punch the orc priest, but do no damage.
The orc priest is moderately wounded.
The foxfire hits the orc priest.
The orc priest is heavily wounded.
The foxfire hits the orc.
You kill the orc!
Casting: Foxfire (safe; 3% risk of failure)
Press: ? - help, Q - select action, (/) - cycle Dir - look around, f - activate You conjure some foxfire!
The orc priest hits you with a +0 flail.
* * * LOW HITPOINT WARNING * * *
You closely miss the orc priest.
The orc priest is heavily wounded.
The foxfire hits the orc priest.
The orc priest is severely wounded.
The foxfire hits the orc!
The orc is almost dead.
The orc misses you. The orc priest barely misses you.
Casting: Foxfire (safe; 3% risk of failure)
Press: ? - help, Q - select action, (/) - cycle Dir - look around, f - activate You conjure some foxfire!
The orc closely misses you.
The orc priest hits you with a +0 flail.
You die...

#.# #.# ### #.# #.. #.#
#<# #.# #.# #.# #.#
.####. #.# #.#
......#####.####v#####
.##............v@o...#
.##.#.####..##.#o###.#
.##.#............##..#
.##.######.###..###$$)
.#...##...........#$_$.
..†#...†...###..#.#$$$.#
##...##.#..# #..#.#.....
###.###.#........
....... ###.v.[........
##.#####


You could see an orc priest (ally target) and an orc (ally target).

Vanquished Creatures
  An adder (D:3)
  A worm (D:3)
  2 dart slugs
  2 orcs (D:3)
  6 endoplasms
  6 giant cockroaches
  3 goblins (D:1)
  7 hobgoblins
  A jackal (D:1)
  7 kobolds
  2 quokkas
  5 ball pythons (D:1)
  7 bats
  A frilled lizard (D:3)
  9 rats
60 creatures vanquished.

Vanquished Creatures (others)
  171 foxfires
171 creatures vanquished.

Grand Total: 231 creatures vanquished

Notes
Turn   | Place    | Note
-------+----------+-------------------------------------------
     0 | D:1      | arthad the Gargoyle Fire Elementalist began the quest for
                  | the Orb.
     0 | D:1      | Reached XP level 1. HP: 10/10 MP: 3/3
   107 | D:1      | Reached XP level 2. HP: 15/15 MP: 0/5
   303 | D:1      | Reached XP level 3. HP: 20/20 MP: 0/6
  1354 | D:2      | Found a shimmering altar of Xom.
  1736 | D:2      | Reached XP level 4. HP: 24/24 MP: 2/7
  1850 | D:3      | Reached skill level 1 in Fighting
  2146 | D:3      | Found an opulent altar of Gozag.
  2163 | D:3      | HP: 1/25 [orc priest/+0 flail (6)]
  2165 | D:3      | Slain by an orc priest

Illustrated notes

Levels and vault maps discovered:
D:1:      onia_arrival_handbag, layout_rooms, minmay_box_of_dots
D:2:      layout_basic, basic_altar, minmay_misc_feat_rugged
D:3:      layout_loops_ring, nicolae_gozag_seed_capital, uniq_crazy_yiuf_cottage

Skill      XL: |  1  2  3  4 |
---------------+-------------+-----
Conjurations   | 2 |  2.3
Fighting       | 1 |  1.0
Dodging        | |  1.9
Stealth        | |  2.6
Spellcasting   | |  2.6
Fire Magic     | |  3.5

Action                     |  1- 3 |  4- 6 || total
---------------------------+-------+-------++-------
  Melee: Unarmed           |     6 |       ||     6
         Short sword       |    14 |     8 ||    22
         Punch             |       |     1 ||     1
   Cast: Foxfire           |    77 |    22 ||    99
 Armour: Robe              |    12 |     2 ||    14
  Dodge: Dodged            |    20 |    13 ||    33

Table legend: (Time is in decaauts)
 A = Elapsed time spent in this place.
 B = Non-inter-level travel time spent in this place.
 C = Inter-level travel time spent in this place.
 D = Time resting spent in this place.
 E = Time spent auto-exploring this place.
 F = Levels seen in this place.
 G = Mean time per level.
                   A        B        C        D        E       F      G
               +--------+--------+--------+--------+--------+-----+--------+
         Total |   2155 |   2137 |     18 |      0 |   1795 |   3 |  718.3 |
       Dungeon |   2155 |   2137 |     18 |      0 |   1795 |   3 |  718.3 |
               +--------+--------+--------+--------+--------+-----+--------+

Top non-repeatable levels by time:
     D:1: 1021 daAuts
     D:2: 756 daAuts
     D:3: 378 daAuts
